 Dungeon Crawl Stone Soup version 0.31-a0-1204-ge2c1a860ed (webtiles) character file.

Game seed: 5873860091674860435

4946 lunkers the Martial Artist (level 11, -1/80 HPs)
             Began as a Meteoran Shapeshifter on Dec 12, 2023.
             Was a Follower of Ru.
             Slain by an orc knight
             ... wielding a +0 war axe
              (19 damage)
             ... in a bailey.
             The game lasted 00:11:04 (4043 turns).

lunkers the Martial Artist (Meteoran Shapeshifter)  Turns: 4043, Time: 00:11:05

Health: -1/80      AC:  7    Str: 17    XL:     11   Next: 8%
Magic:  0/12       EV: 12    Int: 11    God:    Ru [*.....]
Gold:   1250       SH:  0    Dex: 18    Spells: 10/10 levels left

rFire   . .          .
                       - Unarmed
rCold   . . .        (shield currently unavailable)
rNeg    . . .        l - +0 ring mail
rPois   .            t - +1 helmet
rElec   .            (no cloak)
rCorr   .            (gloves currently unavailable)
SInv    .            u - +0 pair of boots
Will    +....        e - amulet of guardian spirit
Stlth   +            m - +4 ring of protection
HPRegen 0.33/turn    (no ring)
MPRegen 0.13/turn

%: guardian spirit
@: about to teleport, blade hands, glowing
A: sense surroundings 2, no fire magic, no hexes magic, no summoning magic,
otherworldly, glowing, explore regen
a: Begin Untransformation, Renounce Religion


You were in a bailey.
You worshipped Ru.
Ru was aware of your devotion.
You had blades for hands.
You visited 2 branches of the dungeon, and saw 9 of its levels.
You also visited: Bailey.

You collected 1250 gold pieces.

Inventory:

Armour
 l - a +0 ring mail (worn)
 t - a +1 helmet (worn)
 u - a +0 pair of boots (worn)
Jewellery
 e - an amulet of guardian spirit (around neck)
 m - a +4 ring of protection (left blade hand)
Talismans
 c - a beast talisman
 d - a flux talisman
 x - a blade talisman (active)
Wands
 h - a wand of paralysis (11)
 r - a wand of flame (14)
 w - a wand of acid (9)
Scrolls
 a - a scroll of revelation
 f - 4 scrolls of teleportation
 o - 2 scrolls of vulnerability
 p - 2 scrolls of enchant armour
Potions
 b - 2 potions of lignification
 g - a potion of attraction
 i - 4 potions of haste
 j - 2 potions of mutation
 k - 2 potions of enlightenment
 n - a potion of berserk rage {unknown}
 q - 2 potions of degeneration {unknown}
 s - 3 potions of curing
 v - a potion of resistance {unknown}


   Skills:
 + Level 2.5 Fighting
 + Level 3.2 Dodging
 * Level 14.6 Unarmed Combat
 + Level 10.2 Shapeshifting


You had 10 spell levels left.
You didn't know any spells.
Your spell library contained the following spells:

 Spells                   Type           Power      Damage    Failure   Level
 Shock                    Conj/Air       0%         1d3       54%         1
 Swiftness                Air            0%         N/A       89%         3
 Vampiric Draining        Necr           0%         2d6       89%         3
 Airstrike                Air            0%         2d(0-16)  100%        4
 Slow                     Hex            Unusable   N/A       N/A         1
 Confusing Touch          Hex            Unusable   N/A       N/A         3
 Sigil of Binding         Hex            Unusable   N/A       N/A         3

Dungeon Overview and Level Annotations

Branches:
Dungeon (8/15) Zot: 1288   Temple (1/1) D:6 Zot: 468  Bailey (1/1) Zot: 302
   Lair: D:8-11

Altars:
Ashenzari
Cheibriados
Dithmenos
Elyvilon
Fedhas
Gozag
Kikubaaqudgha
Makhleb
Nemelex Xobeh
Okawaru
Qazlal
Ru
Sif Muna
Trog
Uskayaw
Vehumet
Wu Jian
Xom
Zin
The Shining One

Annotations:
D:8 4 transporters


Innate Abilities, Weirdness & Mutations

You have blades for hands.
You are incapable of wielding weapons or throwing items.
You passively map the area around you.
You cannot study or cast Fire magic.
You cannot study or cast Hexes magic.
You cannot study or cast Summoning magic.
You are easily found by Zot.
You glow in the dark.
You regain HP and MP as you explore.


Message History

Aiming: Corrosive Bolt
Press: ? - help, Shift-Dir - straight line The bolt of acid hits the orc sorcerer!
The orc sorcerer is moderately wounded.
The bolt of acid hits the orc knight!
The orc knight is lightly wounded.
The orc sorcerer hits you with a +0 war axe!
Unknown command.
Unknown command.
Aiming: Corrosive Bolt
Press: ? - help, Shift-Dir - straight line The bolt of acid hits the orc sorcerer!
The orc sorcerer is severely wounded.
The bolt of acid hits the orc warrior.
The acid corrodes the orc warrior!
The orc warrior is lightly wounded.
The bolt of acid misses the orc knight.
The orc sorcerer gestures at you while chanting.
You suddenly lose the ability to move!
The orc warrior hits you with a +0 war axe.
The orc sorcerer shouts, "You are history!"
The orc sorcerer hits you with a +0 war axe.
The orc warrior hits you with a +0 war axe!
* * * LOW HITPOINT WARNING * * *
The goblin hits you but does no damage. The orc sorcerer casts a spell at you.
You easily resist.
The goblin hits you but does no damage.
The orc sorcerer hits you with a +0 war axe!
* * * LOW HITPOINT WARNING * * *
You can move again.
Unknown command.
As you read the scroll of teleportation, it crumbles to dust.
You feel strangely unstable.
The orc warrior hits you with a +0 war axe!!
* * * LOW MAGIC WARNING * * *
* * * LOW HITPOINT WARNING * * *
The goblin barely misses you.
The orc knight hits you with a +0 war axe!!
* * * LOW MAGIC WARNING * * *
You die...

~ *
####~~~~~~~~~~~######≈≈≈≈≈ ~
+........∩........'.#≈≈≈≈≈ ~
###..######.######..###≈≈≈≈≈
~~~ #....#)
#...#...#....#≈≈≈≈≈ ~~
#....# , #...#...#....#≈≈≈≈≈
~ #'## #8.8###+##'#'#≈≈≈≈≈ ~
~~ #..#,, #...# #..#.~≈≈≈≈≈
~~ ~,#.)#* #8.8# *
#..#.~≈≈≈≈≈ ~,#..# , #o@.#
,,#..#.~≈≈≈≈≈ ~~ #..#


#oog# ,#..#.~≈≈≈≈≈ ~ ~ #))# *##4##* #))#.~≈≈≈≈≈ ~~~~ ##'# , ... , #)##.~≈≈≈≈≈ ~
#..# .._..,, #..#.~≈≈≈≈≈ ~ ~~ ,#.8# ,....... ,#8.#.~≈≈≈≈≈ ~~ #..#,.........,#..#
~ ~~~ #.8#############8.# ~ ~~~ #.....#######.....#, You could see an orc
knight, an orc sorcerer (strong), a red devil (summoned), an orc warrior
(strong, corroded) and a goblin.

Vanquished Creatures
  Pikel (D:7)
  An orc sorcerer (Bailey)
  2 wyverns (D:8)
  A steam dragon (D:8)
  A vampire mosquito (D:6)
  A water moccasin (D:6)
  Duvessa (D:7)
  9 orc warriors
  3 black bears
  4 ice beasts
  A centaur (D:5)
  A phantom (D:4)
  A lemure (D:7)
  A bullfrog (D:8)
  4 scorpions
  8 wights
  Dowan (D:7)
  5 killer bees (D:7)
  3 howler monkeys (D:8)
  3 hounds
  2 jellies
  2 sleepcaps
  2 iguanas
  5 orc wizards
  2 gnolls (Bailey)
  9 adders
  2 shadow imps
  2 ufetubi (D:5)
  2 worms (D:3)
  3 dart slugs
  29 orcs
  4 endoplasms
  6 giant cockroaches
  16 goblins
  10 hobgoblins
  9 jackals
  9 kobolds
  7 ball pythons
  7 bats
  4 frilled lizards
  3 rats
187 creatures vanquished.

Notes
Turn   | Place    | Note
-------+----------+-------------------------------------------
     0 | D:1      | lunkers the Meteoran Shapeshifter began the quest for the
                  | Orb.
     0 | D:1      | Reached XP level 1. HP: 16/16 MP: 2/2
    78 | D:1      | Reached XP level 2. HP: 8/22 MP: 3/3
    86 | D:1      | Reached skill level 4 in Unarmed Combat
   250 | D:1      | Reached XP level 3. HP: 27/28 MP: 4/4
   419 | D:2      | Reached XP level 4. HP: 33/35 MP: 5/5
   441 | D:2      | Reached skill level 5 in Unarmed Combat
   960 | D:3      | Reached XP level 5. HP: 33/40 MP: 6/6
  1357 | D:4      | Reached skill level 6 in Unarmed Combat
  1379 | D:4      | Reached XP level 6. HP: 47/47 MP: 7/7
  1429 | D:4      | Reached skill level 5 in Shapeshifting
  1462 | D:4      | Reached skill level 7 in Unarmed Combat
  1588 | D:4      | Reached XP level 7. HP: 45/52 MP: 8/8
  1620 | D:5      | Entered Level 5 of the Dungeon
  1725 | D:5      | Reached skill level 8 in Unarmed Combat
  1753 | D:5      | Reached XP level 8. HP: 47/59 MP: 9/9
  1946 | D:6      | Reached skill level 9 in Unarmed Combat
  1970 | D:6      | Identified the +4 hand axe "Keylon" {drain, *Rage rN++
                  | Dex+4}
  2121 | D:6      | Found a staircase to the Ecumenical Temple.
  2129 | Temple   | Entered the Ecumenical Temple
  2203 | Temple   | Became a worshipper of Ru the Awakened
  2206 | Temple   | Identified a scroll of acquirement
  2206 | Temple   | Acquired 714 gold pieces
  2277 | D:6      | Identified the +0 ring mail of Xonyug {rCorr Str+4}
  2354 | D:6      | Noticed a vampire mosquito
  2365 | D:6      | Reached skill level 10 in Unarmed Combat
  2365 | D:6      | Gained mutation: You passively map the area around you.
                  | [Meteoran growth]
  2365 | D:6      | Reached XP level 9. HP: 40/64 MP: 10/10
  2377 | D:6      | Identified the +1 rapier of the Ancients {heavy, rF+++
                  | rCorr Int-2}
  2638 | D:6      | Found a shimmering altar of Xom.
  2777 | D:7      | Reached skill level 11 in Unarmed Combat
  3069 | D:7      | Reached skill level 12 in Unarmed Combat
  3105 | D:7      | Gained mutation: You cannot study or cast Fire magic. [Ru
                  | sacrifice]
  3105 | D:7      | Gained mutation: You cannot study or cast Hexes magic. [Ru
                  | sacrifice]
  3105 | D:7      | Gained mutation: You cannot study or cast Summoning magic.
                  | [Ru sacrifice]
  3105 | D:7      | Reached * piety under Ru
  3186 | D:7      | Noticed Pikel
  3191 | D:7      | Killed Pikel
  3192 | D:7      | Reached XP level 10. HP: 60/71 MP: 9/11
  3196 | D:7      | Noticed Duvessa
  3196 | D:7      | Noticed Dowan
  3211 | D:7      | Killed Duvessa
  3212 | D:7      | Reached skill level 13 in Unarmed Combat
  3217 | D:7      | Killed Dowan
  3346 | D:8      | Found a stormy altar of Qazlal.
  3488 | D:8      | Found an opulent altar of Gozag.
  3529 | D:8      | Reached skill level 14 in Unarmed Combat
  3541 | D:8      | Identified the +5 great sword of Lasaagg {drain, rElec
                  | Int+3 Dex+3}
  3596 | D:8      | Found a transporter.
  3603 | D:8      | Found a transporter.
  3623 | D:8      | Found a transporter.
  3659 | D:8      | Found a transporter.
  3705 | D:8      | Found a flagged portal.
  3733 | Bailey   | Entered a bailey
  3886 | Bailey   | Reached skill level 10 in Shapeshifting
  3920 | Bailey   | Noticed an orc sorcerer
  3933 | Bailey   | Killed an orc sorcerer
  3934 | Bailey   | Reached XP level 11. HP: 58/79 MP: 10/12
  4031 | Bailey   | Found an iron altar of Okawaru.
  4031 | Bailey   | Noticed an orc sorcerer
  4031 | Bailey   | Noticed an orc knight
  4039 | Bailey   | Paralysed by an orc sorcerer for 4 turns
  4043 | Bailey   | Slain by an orc knight

Illustrated notes

Levels and vault maps discovered:
D:1:      dpeg_arrival_line_fractal, layout_loops_ring, minmay_tiny_reverse_x
D:2:      layout_rooms, corexii_shack, minivault_23, minmay_tetromino_s4
D:3:      layout_rooms
D:4:      layout_loops_cross, nicolae_hepliaklqana_monster_ancestors,
          nicolae_yredelemnul_corpse_copse
D:5:      layout_cave_pools
D:6:      layout_cave_pods, mainiacjoe_overflow_surrounded_room,
          minmay_temple_entry_glassed_door, minmay_chambers_of_fives
D:7:      layout_loops_corners, uniq_pikel, uniq_duvessa
D:8:      layout_rooms, amcnicky_altar_gilded,
          mainiacjoe_overflow_six_doors_small, enter_bailey_2,
          nicolae_transporter_intersection
Temple:   minmay_temple_bridge_d
Bailey:   bailey_axe_of_yendor_kennysheep, bailey

Skill      XL: |  1  2  3  4  5  6  7  8  9 10 |
---------------+-------------------------------+-----
Unarmed Combat | 4 5 6 7 8 10 12 14 | 14.6
Shapeshifting  | 4 5 6 7 9 10 | 10.2
Fighting       | 2 |  2.5
Dodging        | 3 |  3.2

Action                     |  1- 3 |  4- 6 |  7- 9 | 10-12 || total
---------------------------+-------+-------+-------+-------++-------
  Melee: Unarmed           |   104 |   140 |   198 |   162 ||   604
         Punch             |     1 |     9 |     5 |    10 ||    25
 Invoke: Sacrifice Arcana  |       |       |     1 |       ||     1
  Evoke: Wand              |       |       |       |     3 ||     3
    Use: Scroll            |       |       |    11 |     4 ||    15
 Armour: Animal skin       |    53 |     2 |       |       ||    55
         Ring mail         |       |    91 |    51 |    33 ||   175
         Skin              |       |       |    70 |    53 ||   123
  Dodge: Dodged            |    64 |    63 |   133 |    84 ||   344
   Form: Flux              |       |       |     1 |       ||     1
         Blade             |       |       |       |     1 ||     1

Table legend: (Time is in decaauts)
 A = Elapsed time spent in this place.
 B = Non-inter-level travel time spent in this place.
 C = Inter-level travel time spent in this place.
 D = Time resting spent in this place.
 E = Time spent auto-exploring this place.
 F = Levels seen in this place.
 G = Mean time per level.
                   A        B        C        D        E       F      G
               +--------+--------+--------+--------+--------+-----+--------+
         Total |   3939 |   3751 |    188 |    100 |   2326 |  10 |  393.9 |
       Dungeon |   3511 |   3425 |     86 |      0 |   2234 |   8 |  438.9 |
        Temple |    131 |     29 |    102 |      0 |      0 |   1 |  131.0 |
        Bailey |    296 |    296 |      0 |    100 |     92 |   1 |  296.0 |
               +--------+--------+--------+--------+--------+-----+--------+

Top non-repeatable levels by time:
     D:6: 653 daAuts
     D:2: 546 daAuts
     D:7: 489 daAuts
     D:8: 463 daAuts
     D:3: 440 daAuts
     D:1: 345 daAuts
     D:5: 312 daAuts
  Bailey: 296 daAuts
     D:4: 261 daAuts
  Temple: 131 daAuts
